 Dungeon Crawl Stone Soup version 0.29.1-12-g30fa7ad0bf (webtiles) character file.

Game seed: 11143713203875495948

73 GeoRichter the Slasher (level 4, 0/15 (33) HPs)
             Began as a Demonspawn Warper on Dec 20, 2022.
             Slain by an orc wizard
             ... wielding a +2 dagger of draining
              (2 damage)
             ... on level 3 of the Dungeon.
             The game lasted 00:03:44 (3062 turns).

GeoRichter the Slasher (Demonspawn Warper)          Turns: 3062, Time: 00:03:44

HP:   0/15 (33)     AC:  4    Str: 11    XL:     4   Next: 8%
MP:   7/7           EV: 11    Int: 16    God:
Gold: 155           SH:  0    Dex: 13    Spells: 7/7 levels left

rFire   . . .      SeeInvis .   q - +2 rapier (speed)
rCold   . . .      Faith    .   (no shield)
rNeg    . . .      Spirit   .   b - +0 leather armour
rPois   .          Reflect  .   (no helmet)
rElec   .          Harm     .   (no cloak)
rCorr   .          Rampage  .   (no gloves)
Will    .....                   t - +0 pair of boots
Stlth   +.........              s - amulet of regeneration
HPRegen 0.85/turn               l - ring of flight
MPRegen 0.10/turn               (no ring)

@: attractive, flying, hasted, extremely drained, very quick
A: weakness stinger 2
a: no special abilities


You were on level 3 of the Dungeon.
You visited 1 branch of the dungeon, and saw 3 of its levels.

You collected 218 gold pieces.
You spent 63 gold pieces at shops.

Inventory:

Hand Weapons
 q - a +2 rapier of speed (weapon)
   (You found it on level 2 of the Dungeon)
Missiles
 d - 7 boomerangs of dispersal {!f}
 n - 4 poisoned darts (quivered)
Armour
 b - a +0 leather armour (worn)
 t - a +0 pair of boots (worn)
   (You bought it in a shop on level 3 of the Dungeon)
Jewellery
 l - a ring of flight (left hand)
   (You found it on level 2 of the Dungeon)
 s - an amulet of regeneration (around neck)
   (You found it on level 3 of the Dungeon)
Scrolls
 a - 2 scrolls of identify {unknown}
 c - a scroll of blinking
 e - a scroll of poison {unknown}
 f - 6 scrolls of teleportation {unknown}
 g - 2 scrolls of enchant armour {unknown}
 h - a scroll of silence {unknown}
 m - 2 scrolls of fear {unknown}
 o - a scroll of immolation {unknown}
Potions
 i - a potion of lignification {unknown}
 j - a potion of haste {@q3}
 k - a potion of attraction {!q}
 p - a potion of brilliance {unknown}
 r - a potion of berserk rage {unknown}


   Skills:
 - Level 2.0 Fighting
 * Level 1.8(2.9) Short Blades
 - Level 3.3(3.6) Long Blades
 - Level 0.8 Throwing
 - Level 0.8 Armour
 - Level 1.7 Dodging
 - Level 2.0 Spellcasting
 - Level 2.6 Translocations


You had 7 spell levels left.
You didn't know any spells.
Your spell library contained the following spells:

 Spells                   Type           Power      Damage    Failure   Level
 Blink                    Tloc           20%        N/A       14%         2
 Gell's Gravitas          Tloc           10%        N/A       26%         3
 Lesser Beckoning         Tloc           10%        N/A       26%         3
 Teleport Other           Tloc           10%        N/A       26%         3
 Manifold Assault         Tloc           10%        N/A       94%         5


Dungeon Overview and Level Annotations

Branches:
Dungeon (3/15) Zot: 14938

Altars:

Shops:
D:3 [


Innate Abilities, Weirdness & Mutations

You have a tail ending in a sharp stinger.


Message History

You feel drained.
The kobold throws a stone.
The stone closely misses you.
You hit something.
Your tail-slap misses something.
Something hits you but does no damage.
You feel drained.
Unknown command.
You miss something.
The kobold throws a stone.
The stone hits you but does no damage. Something hits you but does no damage.
You feel drained.
You hit something. Something hits you.
You feel drained.
You miss something.
Your tail-slap misses something.
You hear some strange, mumbled words.
You are confused.
Something hits you.
You feel drained.
You hear some strange, mumbled words.
Something tries to affect you, but you resist.
The kobold throws a stone.
The stone hits you.
You're too confused to move!
A magic dart appears from out of thin air!
The magic dart hits you.
* * * LOW HITPOINT WARNING * * *
Something hits you but does no damage.
You feel drained.
You closely miss something. Something hits you.
* * * LOW HITPOINT WARNING * * *
You feel drained.
* * * LOW HITPOINT WARNING * * *
The kobold throws a stone.
The stone hits you but does no damage.
You barely miss something. Something hits you.
* * * LOW HITPOINT WARNING * * *
You feel drained.
You are too confused!
You bump into the rock wall.
Something barely misses you. Something hits you.
* * * LOW HITPOINT WARNING * * *
You feel drained.
* * * LOW HITPOINT WARNING * * *
It was a potion of attraction.
You feel attractive to monsters. Something hits you but does no damage.
You feel drained.
It was a potion of haste.
You feel yourself speed up.
You feel less confused. Something hits you.
You die...

........? ..##.# ....[....
).... ##........ ###..#
......... ...... #..#
##........ ##.... #..#
#......... #..... #..#
#K##...... #.....
#..####{# .##...##.....
#..##..@# .... .......<
#..#..###... .# #.......
#..#.## #... ##........
#.<..###.... .##.....
###'#........ .......
#.'∩+.#.......#. ###.....
#.#'#.).###.......###.....
#.......## ##.##.........
##...##..# ###.######.....


You could see a kobold.

Vanquished Creatures
  2 adders
  3 worms
  2 dart slugs
  2 orcs
  6 bats
  3 endoplasms (D:1)
  4 goblins
  5 hobgoblins
  2 quokkas (D:1)
  6 ball pythons
  3 frilled lizards
  A kobold (D:1)
  A rat (D:1)
40 creatures vanquished.

Vanquished Creatures (others)
  A plant (D:3)
1 creature vanquished.

Grand Total: 41 creatures vanquished

Notes
Turn   | Place    | Note
-------+----------+-------------------------------------------
     0 | D:1      | GeoRichter the Demonspawn Warper began the quest for the
                  | Orb.
     0 | D:1      | Reached XP level 1. HP: 16/16 MP: 3/3
    65 | D:1      | Reached skill level 2 in Long Blades
   234 | D:1      | Gained mutation: You have a small tail. [demonic ancestry]
   234 | D:1      | Reached XP level 2. HP: 20/22 MP: 5/5
  1926 | D:2      | Reached skill level 3 in Long Blades
  2037 | D:2      | Gained mutation: You have a tail ending in a sharp stinger.
                  | [demonic ancestry]
  2037 | D:2      | Reached XP level 3. HP: 26/27 MP: 6/6
  2654 | D:2      | Reached skill level 1 in Short Blades
  2960 | D:3      | Reached XP level 4. HP: 32/33 MP: 7/7
  3022 | D:3      | Found Zescha Qi Qur's Armour Shop.
  3025 | D:3      | Bought a +0 pair of boots for 63 gold pieces
  3062 | D:3      | Slain by an orc wizard

Illustrated notes

Levels and vault maps discovered:
D:1:      minmay_arrival_hallway, layout_loops_ring, hex_tiny
D:2:      layout_loops_ring, palyth_stone_intersect
D:3:      layout_rooms, serial_shops, nicolae_shop_behind_doors,
          serial_bayou_pond_a

Skill      XL: |  1  2  3 |
---------------+----------+-----
Long Blades    | 2 3 |  3.3
Short Blades   | 1 |  1.8
Fighting       | |  2.0
Throwing       | |  0.8
Armour         | |  0.8
Dodging        | |  1.7
Spellcasting   | |  2.0
Translocations | |  2.6

Action                   |  1- 3 |  4- 6 || total
-------------------------+-------+-------++-------
Melee: Falchion          |    91 |       ||    91
       Tailslap          |     9 |     1 ||    10
       Punch             |     2 |       ||     2
       Rapier            |    54 |    14 ||    68
Throw: Dart              |     4 |       ||     4
  Use: Potion            |       |     2 ||     2
 Stab: Sleeping          |     1 |       ||     1
Armor: Leather armour    |    44 |    10 ||    54
Dodge: Dodged            |    65 |     2 ||    67
